Map: At Eternity's Edge LE

Players

RipNHammer

  • Race: Terran Terran
  • League: Master
  • Spawn Location: 5:00

starkiller - Winner!

  • Race: Terran Terran
  • League: Grandmaster
  • Spawn Location: 11:00

VOD

Have the link to the VOD?

Description

Time

  • Played on: Sept. 6, 2026, 7:54 p.m.
  • Length: 18:31
Show
View Real Time Build Order
Export as new Build Order

RipNHammer Terran 

Build Orders: Reaper Expand, Mech 

Get SALT Encoding   

  8  0:00  SCV  
  9  0:12  SCV  
  10  0:24  SCV  
  11  0:37  SCV  
  11  0:39  Supply Depot  
  12  0:49  SCV  
  13  0:54  Refinery  
  13  1:01  SCV  
  14  1:05  Barracks  
  14  1:13  SCV  
  15  1:25  SCV  
  16  1:37  SCV  
  17  1:52  Orbital Command  
  17  1:53  Reaper  
  18  2:10  Command Center  
  18  2:18  SCV  
  19  2:24  Factory  
  19  2:30  SCV  
  19  2:34  Refinery  
  20  2:38  Supply Depot  
  20  2:41  Barracks Reactor  
  20  2:45  SCV  
  21  3:00  SCV  
  22  3:08  Bunker  
  22  3:09  Hellion  
  22  3:12  SCV, Bunker  
  25  3:17  Marine x2  
  26  3:30  Hellion  
  28  3:35  Marine  
  29  3:48  Starport  
  29  4:00  Hellion  
  29  4:02  SCV  
  32  4:09  Orbital Command  
  32  4:11  Marine  
  32  4:13  Marine  
  34  4:18  SCV  
  34  4:22  Supply Depot  
  35  4:24  Starport Tech Lab  
  37  4:31  Hellion  
  37  4:33  Marine  
  37  4:36  SCV  
  37  4:37  Orbital Command  
  39  4:43  Banshee  
  42  4:46  Cloaking Field  
  42  4:51  SCV  
  43  4:54  Supply Depot  
  43  5:03  SCV  
  43  5:04  Factory Tech Lab  
  45  5:09  Marine x2  
  46  5:16  SCV  
  46  5:20  Orbital Command  
  47  5:25  Siege Tank  
  47  5:26  Banshee  
  53  5:29  Command Center  
  53  5:34  Marine x2  
  55  5:38  Orbital Command, Supply Depot  
  55  5:42  SCV  
  56  6:07  Siege Tank, SCV x2  
  61  6:21  SCV x2  
  61  6:24  Factory  
  63  6:34  SCV  
  63  6:36  Factory  
  63  6:37  Refinery x2  
  64  6:48  Siege Tank  
  64  6:49  Orbital Command  
  64  7:17  Factory Tech Lab  
  64  7:19  SCV x2  
  64  7:21  SCV  
  64  7:30  Medivac  
  64  7:31  SCV  
  64  7:32  Factory  
  67  7:37  Infernal Pre-Igniter  
  67  7:39  SCV x2, Factory  
  67  7:43  SCV  
  70  7:51  Siege Tank  
  70  7:52  SCV  
  70  7:55  Supply Depot x2, SCV  
  70  7:56  SCV  
  76  8:04  SCV  
  70  8:08  Siege Tank  
  70  8:12  Cyclone  
  76  8:13  SCV  
  76  8:16  SCV  
  76  8:19  Supply Depot x2  
  78  8:23  Armory  
  78  8:24  SCV  
  78  8:25  Armory  
  78  8:26  Factory Tech Lab  
  79  8:28  Hellion  
  83  8:34  Hellion  
  83  8:35  Engineering Bay  
  69  8:48  SCV  
  69  8:49  Cyclone  
  69  8:50  Siege Tank, Cyclone, Hellion  
  79  8:59  Hellion, Factory Tech Lab  
  79  9:02  Orbital Command  
  80  9:05  SCV  
  79  9:21  Cyclone  
  80  9:28  Mag-Field Accelerator  
  77  9:33  SCV x3  
  80  9:42  Armory x2, Engineering Bay  
  81  9:45  SCV x2  
  81  9:52  Cyclone, Siege Tank, Hellion  
  87  10:00  Supply Depot  
  87  10:10  Supply Depot  
  87  10:11  Supply Depot  
  87  10:22  Command Center, SCV x2  
  89  10:32  Siege Tank, Cyclone, Hellion  
  89  10:34  SCV x2, Hellion  
  101  10:43  Cyclone  
  104  10:50  Supply Depot  
  104  10:54  SCV x2  
  104  10:55  Cyclone  
  109  10:58  Hellion  
  109  11:03  Hellion  
  113  11:09  Supply Depot  
  113  11:12  Siege Tank  
  113  11:13  Hellion  
  113  11:14  SCV  
  113  11:15  SCV  
  113  11:18  Terran Vehicle Weapons Level 1  
  117  11:31  Cyclone, Siege Tank  
  106  11:36  Cyclone  
  109  11:42  Missile Turret  
  109  11:44  Cyclone  
  112  11:53  SCV  
  112  11:54  SCV  
  114  12:02  Missile Turret  
  114  12:03  Cyclone  
  114  12:08  Cyclone  
  89  12:15  Cyclone  
  89  12:16  Widow Mine  
  91  12:23  Siege Tank  
  92  12:38  Command Center  
  90  12:46  Cyclone  
  90  12:47  Hellion  
  89  13:01  Siege Tank  
  89  13:02  SCV  
  89  13:03  SCV  
  92  13:13  Hellion x2  
  93  13:22  Cyclone, Siege Tank  
  93  13:26  Terran Vehicle And Ship Armor Level 1  
  93  13:29  Siege Tank  
  93  13:31  SCV  
  97  13:35  Liberator  
  97  13:40  Missile Turret  
  100  13:47  Cyclone  
  100  13:48  Hellion  
  105  13:57  Missile Turret  
  105  13:59  Siege Tank  
  108  14:07  Cyclone  
  81  14:33  Cyclone  
  81  14:34  Siege Tank, Hellion  
  81  14:37  Hellion  
  81  14:38  SCV x2  
  92  14:50  SCV  
  81  14:55  Cyclone  
  81  14:56  Siege Tank  
  81  14:58  SCV  
  78  15:02  SCV  
  79  15:09  Hellion  
  81  15:16  SCV x2  
  83  15:28  Siege Tank  
  86  15:29  Hellion  
  88  15:36  Sensor Tower  
  88  15:44  Cyclone  
  88  15:45  Siege Tank  
  79  16:02  Cyclone, Siege Tank, Hellion  
  82  16:04  Hellion  
  82  16:08  SCV  
  82  16:10  SCV  
  87  16:12  Refinery  
  87  16:16  Siege Tank  
  90  16:19  Planetary Fortress  
  90  16:20  SCV  
  90  16:23  Refinery  
  90  16:25  Hellion  
  92  16:26  Hellion  
  92  16:34  Hellion  
  94  16:40  SCV x2  
  94  16:45  Cyclone  
  99  16:49  Hellion x2  
  99  16:52  SCV  
  99  16:53  SCV  
  105  16:57  Cyclone  
  105  16:58  Hellion  
  106  17:08  Missile Turret, Siege Tank  
  109  17:09  Missile Turret  
  109  17:11  Missile Turret  
  109  17:16  SCV x2  
  109  17:19  SCV  
  112  17:23  Command Center  
  112  17:24  Siege Tank  
  112  17:28  SCV  
  116  17:38  Cyclone  
  116  17:39  Hellion x2  
  116  17:43  Siege Tank  
  80  18:06  SCV  
Show
View Real Time Build Order
Export as new Build Order

starkiller Terran - Winner!

Build Orders:  

Get SALT Encoding   

  8  0:00  SCV  
  9  0:12  SCV  
  10  0:24  SCV  
  10  0:27  Supply Depot  
  11  0:36  SCV  
  12  0:48  SCV  
  13  0:54  Barracks  
  13  1:01  SCV  
  14  1:05  Refinery  
  14  1:13  SCV  
  15  1:25  SCV  
  16  1:35  Barracks  
  16  1:37  SCV  
  17  1:42  Refinery  
  17  1:47  Barracks Reactor  
  17  1:58  Supply Depot  
  17  2:11  Orbital Command  
  17  2:21  Barracks Reactor  
  17  2:24  Reaper  
  17  2:27  Reaper  
  19  2:36  SCV  
  20  2:48  SCV  
  21  2:58  Reaper  
  21  3:00  SCV  
  21  3:01  Reaper  
  24  3:08  Reaper  
  24  3:09  Reaper  
  26  3:15  Command Center  
  26  3:28  SCV  
  26  3:32  Reaper  
  28  3:35  Reaper  
  29  3:43  Supply Depot x2  
  29  3:53  Barracks  
  29  4:04  SCV  
  32  4:13  Marine x3  
  32  4:14  Marine  
  32  4:17  SCV  
  35  4:27  Orbital Command  
  35  4:29  SCV  
  36  4:31  Engineering Bay  
  36  4:35  Engineering Bay  
  36  4:37  Marine  
  37  4:43  SCV  
  38  4:46  Barracks Tech Lab  
  38  4:55  SCV  
  38  4:57  Factory  
  38  4:59  SCV  
  40  5:07  SCV  
  40  5:11  Marine  
  40  5:12  Stimpack  
  40  5:13  Terran Infantry Weapons Level 1  
  42  5:19  Terran Infantry Armor Level 1, Marine  
  42  5:20  SCV  
  44  5:22  SCV  
  45  5:30  Marine  
  45  5:31  Marine  
  45  5:32  SCV  
  45  5:35  SCV, Marine  
  49  5:41  Starport  
  49  5:42  Factory Reactor  
  50  5:44  Marine  
  50  5:45  SCV  
  50  5:47  SCV  
  53  5:54  Missile Turret  
  53  5:55  Missile Turret  
  53  6:01  Marine x2  
  53  6:03  Missile Turret, Marine  
  56  6:04  Missile Turret  
  56  6:06  Marine  
  53  6:23  Marine x3  
  56  6:30  Marine  
  56  6:31  SCV  
  58  6:40  SCV  
  58  6:54  Medivac x2, Combat Shield, SCV x2, Supply Depot  
  58  6:55  Supply Depot  
  58  6:56  Supply Depot  
  62  7:02  Marine  
  62  7:03  Marine x2  
  62  7:06  SCV  
  66  7:09  SCV  
  63  7:18  SCV  
  63  7:21  SCV  
  64  7:24  Marine x4  
  64  7:26  Armory  
  68  7:30  SCV  
  68  7:31  Marine  
  68  7:33  SCV  
  68  7:36  Medivac  
  73  7:37  Medivac  
  73  7:42  Marine x3, SCV  
  73  7:43  Marine  
  80  7:45  SCV  
  81  7:56  SCV  
  81  7:57  Refinery  
  81  7:58  Command Center, Refinery  
  79  8:07  Marine x2  
  79  8:08  Marine x3  
  83  8:21  SCV  
  83  8:25  Marine x3, SCV  
  83  8:26  Marine x2, Terran Infantry Weapons Level 2  
  90  8:42  SCV  
  90  8:43  Marine x2  
  90  8:44  Marine  
  90  8:45  Marine  
  85  8:52  Marine  
  86  9:01  Marine x2  
  86  9:02  Marine x2  
  89  9:09  Marine  
  90  9:10  SCV x2  
  90  9:12  SCV  
  94  9:19  Marine x3  
  94  9:22  SCV  
  96  9:27  Marine x2  
  96  9:29  SCV  
  96  9:30  Orbital Command  
  93  9:33  Terran Infantry Armor Level 2  
  93  9:34  SCV  
  93  9:36  Marine  
  93  9:39  Barracks, Marine  
  93  9:40  Marine, Barracks  
  93  9:41  SCV  
  93  9:45  Command Center  
  96  9:46  SCV  
  97  9:53  Marine x2  
  97  9:54  Marine  
  97  9:56  SCV  
  97  9:57  SCV, Marine  
  103  10:04  Marine  
  103  10:05  Medivac x2, SCV  
  109  10:08  SCV  
  109  10:09  SCV  
  109  10:11  Marine x2  
  109  10:13  Marine  
  114  10:14  Supply Depot  
  114  10:17  Supply Depot, SCV  
  114  10:21  SCV x2  
  115  10:29  SCV  
  115  10:30  Barracks Tech Lab x2  
  115  10:34  Concussive Shells  
  116  10:36  SCV x2  
  115  10:43  Marine x4, Marauder  
  115  10:47  Terran Infantry Weapons Level 3  
  115  10:49  Medivac x2  
  125  10:51  Marauder  
  125  10:52  Marauder  
  129  10:57  Planetary Fortress  
  129  10:59  SCV x2  
  129  11:01  Marine x2  
  133  11:04  Marauder  
  133  11:07  Marine x2  
  137  11:13  Marauder  
  137  11:14  Marauder  
  137  11:17  SCV x2  
  137  11:18  SCV  
  144  11:19  Medivac  
  144  11:20  Refinery  
  142  11:26  Marauder  
  142  11:28  Refinery  
  138  11:33  SCV x3  
  138  11:39  Marauder x2  
  145  11:40  Marine x4  
  145  11:45  SCV x3, Supply Depot  
  145  11:46  Supply Depot  
  152  11:47  Marauder, Supply Depot  
  154  11:56  Medivac  
  154  11:57  Marine  
  154  11:58  Medivac  
  154  12:01  Marauder x2, Marine  
  163  12:04  Command Center  
  142  12:21  Marauder, Marine  
  142  12:22  Marauder  
  142  12:23  Marauder, Marine x2  
  142  12:26  SCV x3  
  142  12:34  Marine  
  143  12:38  SCV x3  
  143  12:39  Marine  
  143  12:42  Marauder  
  143  12:43  Marauder  
  148  12:44  Marauder  
  148  12:50  Medivac x2, SCV x3  
  154  12:53  SCV  
  154  12:57  Terran Infantry Armor Level 3  
  155  13:00  Marine  
  155  13:01  Marine  
  155  13:02  SCV x3  
  155  13:04  Marauder  
  155  13:05  Marauder x2, SCV  
  167  13:12  Marine x2  
  167  13:14  SCV  
  167  13:17  SCV  
  167  13:18  Marine  
  165  13:24  Hi-Sec Auto Tracking  
  165  13:25  Marauder  
  165  13:26  Marine, Marauder  
  167  13:27  Marauder  
  167  13:29  Marine  
  167  13:30  Marine  
  167  13:31  Orbital Command  
  169  13:40  Command Center  
  169  13:42  Barracks  
  169  13:45  Barracks  
  169  13:46  Barracks, Marauder  
  169  13:47  Barracks  
  169  13:48  Barracks  
  165  13:49  Barracks  
  165  13:52  Marauder x2, Marine  
  169  14:00  SCV x3  
  172  14:05  Medivac x2  
  172  14:08  Marauder  
  172  14:09  Marine  
  178  14:10  Marine  
  178  14:12  SCV x3  
  178  14:13  Marauder  
  178  14:14  Marauder  
  168  14:29  Marauder  
  154  14:35  Marine, Marauder x2  
  154  14:36  Barracks Reactor x2, Barracks Tech Lab  
  154  14:37  Barracks Tech Lab x3  
  156  14:51  Marauder  
  131  14:56  Marauder x2  
  121  15:01  Marine, Marauder  
  121  15:02  Marauder x2, Marine x4  
  121  15:06  Planetary Fortress  
  132  15:10  SCV x4  
  132  15:12  Marauder  
  138  15:17  Marine x2  
  138  15:18  Marine x4  
  138  15:19  Medivac x2, Marine x3  
  138  15:20  Marauder  
  153  15:22  SCV x4  
  153  15:23  Marauder x3, Marine  
  164  15:33  Marauder  
  170  15:35  Marauder, Marine  
  170  15:36  Marauder, Marine x2  
  170  15:39  Marine x4  
  170  15:41  Marine, Marauder  
  180  15:44  Marauder  
  180  15:46  Marine, Marauder  
  187  15:53  Marine x2  
  187  15:55  Marauder  
  170  15:57  Marauder x2  
  170  16:03  Marauder  
  160  16:04  Marauder  
  160  16:05  Marine x6  
  160  16:06  Marauder  
  160  16:07  Marauder  
  168  16:11  Marine x2  
  168  16:16  Marauder  
  176  16:18  Marauder x2  
  176  16:23  Marine x6  
  176  16:24  Marauder  
  186  16:25  Marauder  
  186  16:27  Marauder  
  186  16:29  Missile Turret, Marauder, Marine, Command Center  
  186  16:30  Marine  
  192  16:36  Missile Turret  
  192  16:38  Marauder  
  198  16:40  Marauder x2, Marine  
  198  16:43  Barracks  
  198  16:46  Barracks, Marine  
  200  16:49  Barracks  
  200  16:50  Barracks x2  
  193  17:03  Marauder x2, Marine x2  
  193  17:04  Marine  
  197  17:41  Barracks Tech Lab x2, Barracks Reactor  
  197  17:42  Barracks Reactor x2  
  149  17:56  Marauder x4  
  151  18:04  Marauder x4  
  151  18:05  Marauder, Marine x3  
Tags
 
Composition
Mech
Matchup
TvT
Race
Terran
Replay Pack
RipNHammer
Spawn Locations
Cross Positions
Add a new tag
Caveats
  • Supply blocks, unpowered buildings, or Contaminate may cause inaccurate times.
  • Supply counts are checked every 10 seconds.